 Dungeon Crawl Stone Soup version 0.27.0-1-g7a089689b8 (webtiles) character file.

Game seed: 6143703327499796511

288 hawla the Covert (level 6, -6/37 HPs)
             Began as a Deep Elf Delver on Aug 8, 2021.
             Mangled by an ogre (29 damage)
             ... on level 4 of the Dungeon.
             The game lasted 00:15:19 (4723 turns).

hawla the Covert (Deep Elf Delver)                  Turns: 4723, Time: 00:15:19

Health: -6/37      AC:  5    Str:  9    XL:     6   Next: 9%
Magic:  0/8        EV: 13    Int: 17    God:
Gold:   190        SH:  0    Dex: 16    Spells: 4/6 levels left

rFire    . . .     SeeInvis .   l - +0 dagger (speed)
rCold    . . .     Faith    .   (no shield)
rNeg     + . .     Spirit   .   n - +0 leather armour {rN+}
rPois    .         Reflect  .   b - +2 hat
rElec    .         Harm     .   (no cloak)
rCorr    .         Rampage  .   (no gloves)
Will     .....                  (no boots)
Stlth    ++++......             (no amulet)
HPRegen  0.12/turn              (no ring)
MPRegen  0.11/turn              (no ring)

@: very slightly contaminated
A: no striking features
a: no special abilities


You were on level 4 of the Dungeon.
You visited 1 branch of the dungeon, and saw 5 of its levels.

You collected 190 gold pieces.

Inventory:

Hand Weapons
 l - a +0 dagger of speed (weapon)
Armour
 b - a +2 hat (worn)
 n - a +0 leather armour of positive energy (worn)
Wands
 g - a wand of digging (2)
 h - a wand of flame (3)
Scrolls
 c - a scroll of fog
 d - 2 scrolls of magic mapping
 i - a scroll of enchant weapon
Potions
 a - 2 potions of brilliance {unknown}
 f - a potion of haste
 j - a potion of ambrosia {unknown}


   Skills:
 + Level 3.0 Fighting
 + Level 3.3 Short Blades
 + Level 3.7 Dodging
 + Level 8.1 Stealth
 + Level 0.5 Spellcasting
 + Level 0.3 Conjurations
 + Level 0.5 Air Magic
 + Level 0.1 Evocations


You had 4 spell levels left.
You knew the following spells:

 Your Spells              Type           Power      Damage    Failure   Level
a - Static Discharge      Conj/Air       1%         N/A       38%         2

Your spell library contained the following spells:

 Spells                   Type           Power      Damage    Failure   Level
 Slow                     Hex            0%         N/A       43%         2
 Confusing Touch          Hex            0%         N/A       67%         3
 Lightning Bolt           Conj/Air       0%         1d11      100%        5
 Yara's Violent Unravell  Hex/Tmut       0%         3d3       100%        5
 Maxwell's Capacitive Co  Air            1%         ∞         100%        8


Dungeon Overview and Level Annotations

Branches:
Dungeon (5/15)
 Temple: D:4-7

Altars:
Gozag
Qazlal
Zin


Message History

The lightning grounds out.
You have reached level 6!
Your experience leads to an increase in your attributes!
Increase (S)trength, (I)ntelligence, or (D)exterity?
You feel clever.
Okay, then.
Okay, then.
Setting a skill training target for Short Blades at 10.0.
Unknown command.
An ogre comes into view. It is wielding a +0 giant spiked club.
Throw: 2 darts (poison)
Press: ? - help, Q - select action, (/) - cycle Shift-Dir - straight line, f - ogre
Aim: an ogre, wielding a +0 giant spiked club (wandering, hasn't noticed you, 75% to hit)
You throw a poisoned dart. The poisoned dart hits the ogre.
The ogre is poisoned.
The ogre shouts!
Throw: dart (poison)
Press: ? - help, Q - select action, (/) - cycle Shift-Dir - straight line, f/p - ogre
Aim: an ogre, wielding a +0 giant spiked club (poisoned, 75% to hit)
You throw a poisoned dart. The poisoned dart hits the ogre.
The ogre looks even sicker.
An ogre is nearby!
There is a stone staircase leading down here.
An ogre is nearby!
Casting: Static Discharge (dangerous; 38% risk of failure)
Confirm with . or Enter, or press ? or * to list all spells.
You miscast Static Discharge.
You are very lightly contaminated with residual magic.
Nothing appears to happen.
The ogre barely misses you.
An ogre is nearby!
Casting: Static Discharge (dangerous; 38% risk of failure)
Confirm with . or Enter, or press ? or * to list all spells.
You miscast Static Discharge.
Nothing appears to happen.
An ogre is nearby!
Casting: Static Discharge (dangerous; 38% risk of failure)
Confirm with . or Enter, or press ? or * to list all spells.
You miscast Static Discharge.
Nothing appears to happen.
The ogre hits you with a +0 giant spiked club!!
Ouch! That really hurt!
You die...

##.....# ...
#.#............
#...#.####.... # . .
###....## ...# ?. ..##
##.#.#$####.#.#...
...#................[
..##.#..#.#.####.......
...........#O##........
#..........>@..<......#
#######)##.............
#.###...#.......#
#.####.####...###
#!............#
###############


You could see an ogre (poisoned).

Vanquished Creatures
  A howler monkey (D:5)
  A jelly (D:5)
  2 bullfrog skeletons
  Terence (D:2)
  A hound skeleton (D:4)
  Robin (D:2)
  2 adders
  2 adder skeletons (D:5)
  A worm (D:2)
  3 dart slugs
  An orc (D:4)
  3 ball pythons
  3 endoplasms
  2 giant cockroaches
  6 hobgoblins
  10 jackals
  A quokka (D:1)
  10 bats
  4 frilled lizards
  16 goblins
  3 kobolds (D:3)
  5 rats
79 creatures vanquished.

Notes
Turn   | Place    | Note
-------+----------+-------------------------------------------
     0 | D:5      | hawla the Deep Elf Delver began the quest for the Orb.
     0 | D:5      | Reached XP level 1. HP: 13/13 MP: 3/3
   127 | D:5      | Noticed a jelly
   131 | D:5      | Killed a jelly
   132 | D:5      | Reached skill level 7 in Stealth
   132 | D:5      | Reached XP level 2. HP: 18/18 MP: 4/4
   132 | D:5      | Reached XP level 3. HP: 22/22 MP: 5/5
   213 | D:5      | Reached XP level 4. HP: 27/27 MP: 6/6
   526 | D:3      | Found a glowing silver altar of Zin.
   533 | D:3      | Found an opulent altar of Gozag.
  1015 | D:1      | Found a faded altar of an unknown god.
  1654 | D:2      | Reached XP level 5. HP: 16/32 MP: 7/7
  2054 | D:2      | Learned a level 2 spell: Static Discharge
  2058 | D:2      | Noticed Robin
  2666 | D:2      | Noticed Terence
  2670 | D:2      | Killed Terence
  2671 | D:2      | Reached skill level 8 in Stealth
  2795 | D:2      | Killed Robin
  4222 | D:3      | Found a stormy altar of Qazlal.
  4459 | D:4      | Noticed an ogre
  4713 | D:4      | Reached XP level 6. HP: 22/37 MP: 5/8
  4723 | D:4      | Mangled by an ogre

Illustrated notes

Levels and vault maps discovered:
D:1:      minmay_arrival_four_circles, layout_rooms, basic_ecumenical_altar,
          minmay_statues_item
D:2:      layout_basic, minmay_misc_feat_rows, uniq_robin, uniq_terence
D:3:      layout_rooms, pdpol_temple_overflow_zin_treasury_gozag_greed,
          nicolae_qazlal_general_emergency, minmay_misc_feat_cross, minivault_27
D:4:      layout_loops_ring
D:5:      layout_basic, minmay_temple_entry_statues_pillars,
          palyth_stone_intersect

Skill      XL: |  1  2  3  4  5 |
---------------+----------------+-----
Stealth        | 7 8 |  8.1
Short Blades   | 3 |  3.3
Dodging        | 3 |  3.7
Fighting       | 3 |  3.0
Spellcasting   | |  0.5
Conjurations   | |  0.3
Air Magic      | |  0.5
Evocations     | |  0.1

Action                   |  1- 3 |  4- 6 || total
-------------------------+-------+-------++-------
Melee: Short sword       |    10 |   261 ||   271
       Dagger            |       |    42 ||    42
Throw: Dart              |       |     3 ||     3
 Cast: Static Discharge  |       |    15 ||    15
Evoke: Wand              |       |     8 ||     8
  Use: Scroll            |       |     9 ||     9
       Potion            |       |     3 ||     3
 Stab: Sleeping          |     3 |    18 ||    21
Armor: Leather armour    |     3 |    95 ||    98
       Skin              |       |    15 ||    15
Dodge: Dodged            |     3 |   192 ||   195
